Cogmind - Beta 12 @@@ ROGUE MODE // 2023.04.11 @ 21:28:37 Player: maxwell Result: Self-destructed Performance ------------- Evolutions (3) 1500 Regions Visited (7) 1400 Robots Destroyed (141) 705 Value Destroyed (4984) 4984 Prototype IDs (6) 120 Alien Tech Used (0) 0 Bonus (1368) 1368 TOTAL SCORE: 10077 Bonus ------- High Alert Combat Kills 1444 Follower Combat Kills 158 Entered Garrisons 200 Used RIF Installer 500 Friendly Fire -934 Cogmind --------- Core Integrity 471/700 Matter 195/300 Energy 300/300 System Corruption 9% Temperature Cool (0) Movement Treading (560) Ox5 Location -7/Factory Parts ------- > --- POWER (1) -------- Enhanced Nuclear Core > --- PROPULSION (5) --- Light Treads > --- UTILITY (5) ------ Huge Storage Unit Hardened Heavy Armor Plating Relay Coupler [NC] (17) Relay Coupler [Grunt] (20) > --- WEAPON (2) ------- Great Axe Great Axe > --- INVENTORY (25) --- Cargo Storage Unit Improved Signal Interpreter Launcher Guidance Computer Hardened Heavy Armor Plating Hardened Heavy Armor Plating Improved Shield Generator Relay Coupler [NC] (39) Relay Coupler [NC] (40) Relay Coupler [Sentry] (26) Relay Coupler [Behemoth] (12) Improved EM Pulse Cannon Improved EM Pulse Cannon Heavy Particle Cannon Rocket Launcher Missile Launcher Missile Launcher Remote Datajack Great Axe Peak State ------------ > --- POWER ------------ Enhanced Nuclear Core > --- PROPULSION ------- Light Treads Light Treads Light Treads Light Treads > --- UTILITY ---------- Huge Storage Unit Hardened Heavy Armor Plating Relay Coupler [NC] Relay Coupler [Hunter] > --- WEAPON ----------- Remote Datajack Great Axe > --- INVENTORY -------- Cargo Storage Unit Improved Signal Interpreter Launcher Guidance Computer Hardened Heavy Armor Plating Hardened Heavy Armor Plating Hardened Heavy Armor Plating Improved Shield Generator Relay Coupler [NC] Relay Coupler [NC] Relay Coupler [Grunt] Relay Coupler [Sentry] Relay Coupler [Behemoth] Improved EM Pulse Cannon Improved EM Pulse Cannon Heavy Particle Cannon Rocket Launcher Missile Launcher Missile Launcher Great Axe Great Axe [Rating: 39] Favorites ----------- Power Ion Engine Engine Ion Engine Power Core Enhanced Nuclear Core Propulsion Light Treads Treads Light Treads Leg Aluminum Leg Wheel Wheel Utility Huge Storage Unit Device Improved Heat Sink Storage Huge Storage Unit Processor Advanced Targeting Computer Hackware Relay Coupler [NC] Protection Light Armor Plating Weapon Advanced Beam Cannon Energy Gun EM Pulse Gun Energy Cannon Advanced Beam Cannon Ballistic Gun Gauss Rifle Launcher Missile Launcher Special Weapon Remote Datajack Impact Weapon Heavy Flail Slashing Weapon Great Axe Build | -11 -10 -10 -10 -9 -8 -8 -7 ------- Run | Jun Mat Min Exi Min Mat Gar Fac Slots Evolved 6 | . . . . . 4 . 2 Power . | . . . . . . . . Propulsion 3 | . . . . . 2 . 1 Utility 3 | . . . . . 2 . 1 Weapon . | . . . . . . . . Parts Attached 114 | 2 8 5 . 2 39 35 23 Power 9 | . . 1 . . 4 2 2 Engine 8 | . . 1 . . 4 2 1 Core 1 | . . . . . . . 1 Reactor . | . . . . . . . . Propulsion 30 | 2 1 3 . . 9 10 5 Treads 23 | 2 1 . . . 8 7 5 Leg 5 | . . 2 . . . 3 . Wheel 2 | . . 1 . . 1 . . Hover . | . . . . . . . . Flight . | . . . . . . . . Utility 28 | . 4 . . 1 9 8 6 Device 7 | . 2 . . 1 2 2 . Storage 3 | . 2 . . . 1 . . Processor 1 | . . . . . 1 . . Hackware 3 | . . . . . . . 3 Protection 14 | . . . . . 5 6 3 Artifact . | . . . . . . . . Weapon 47 | . 3 1 . 1 17 15 10 Energy Gun 2 | . . . . . 2 . . Energy Cannon 26 | . 3 1 . . 13 8 1 Ballistic Gun 1 | . . . . . . 1 . Ballistic Cannon . | . . . . . . . . Launcher 8 | . . . . 1 1 4 2 Special Weapon 2 | . . . . . . . 2 Impact Weapon 2 | . . . . . 1 1 . Slashing Weapon 6 | . . . . . . 1 5 Piercing Weapon . | . . . . . . . . Special Melee Weapon . | . . . . . . . . Unidentified Prototypes 3 | . 1 . . . 1 . 1 Corrupted Parts 2 | . . . . . . 2 . System Corruption 4 | . . . . . . 4 . Parts Lost 38 | . . 4 . 1 8 18 7 Power 5 | . . 1 . . 1 2 1 Propulsion 19 | . . 2 . . 4 8 5 Utility 9 | . . . . . 2 6 1 Weapon 5 | . . 1 . 1 1 2 . Highest Loss Streak 6 | . . 1 . 1 6 6 3 To Critical Strikes 1 | . . . . . . . 1 Average Slot Usage (%) 94 | . 98 99 100 95 91 95 79 Engine 10 | . 14 13 14 14 9 8 3 Treads 19 | . 28 5 . . 28 26 29 Leg 10 | . . 19 28 28 3 8 . Device 10 | . 12 14 14 14 9 9 . Storage 11 | . 14 14 14 14 9 9 7 Processor 4 | . . . . . 6 9 4 Protection 4 | . . . . . 7 7 7 Energy Cannon 17 | . 26 27 28 23 14 9 . Slashing Weapon 1 | . . . . . . 1 8 Naked Turns . | . . . . . . . . Heaviest Build 121 | 14 54 54 54 55 105 118 121 Greatest Support 82 | 40 40 20 20 20 82 80 80 Greatest Overweight (x) 10 | 4 2 5 2 2 10 5 1 Average Overweight (x) 1 | . 1 2 2 2 2 1 1 Largest Inventory Capacity 25 | 8 20 20 20 20 25 25 25 Average Capacity 22 | 8 18 20 20 20 23 25 25 Most Carried 25 | 7 7 7 5 13 25 25 25 Average Carried 13 | 5 6 5 5 11 18 18 24 Final Capacity 25 | 8 20 20 20 20 25 25 25 Final Carried 25 | 5 7 5 5 13 20 25 21 Class Distribution -------------------- 50% | Mutant 35% | Scavenger-Mutant 13% | Bothacker-Mutant Dominant Class ---------------- Mutant | -10/Materials Mutant | -10/Mines Mutant | -10/Exiles Mutant | -9/Mines Scavenger-Mutant | -8/Materials Scavenger-Mutant | -8/Garrison Bothacker-Mutant | -7/Factory Resources | -11 -10 -10 -10 -9 -8 -8 -7 ----------- Run | Jun Mat Min Exi Min Mat Gar Fac Matter Collected 1866 | 220 120 88 . 65 464 537 372 Remotely . | . . . . . . . . Salvage Created 5294 | . 739 576 . 154 1515 1393 917 Parts 269 | . 42 20 . 10 75 67 55 Haulers Intercepted 3 | . 2 . . . 1 . . Recyclers Shooed 1 | . . . . 1 . . . Parts Field Recycled . | . . . . . . . . Retrieved Matter . | . . . . . . . . Parts Self-Destructed . | . . . . . . . . Prevented . | . . . . . . . . Kills | -11 -10 -10 -10 -9 -8 -8 -7 ------- Run | Jun Mat Min Exi Min Mat Gar Fac Combat Hostiles Destroyed 110 | . 13 7 . 6 29 34 21 Melee 9 | . . . . . . . 9 Cannons 68 | . 13 6 . 2 24 20 3 AOE 29 | . . . . 3 4 13 9 Classes Destroyed 16 | . 7 2 . 1 2 2 2 Worker 3 | . 1 1 . . 1 . . Builder 2 | . 1 . . . . . 1 Tunneler 2 | . . 2 . . . . . Hauler 3 | . 2 . . . 1 . . Recycler 6 | . . 1 . . 1 . 4 Mechanic 4 | . . . . . . . 4 Operator 3 | . 1 1 . . 1 . . Watcher 7 | . 3 . . . 4 . . Swarmer 25 | . 3 . . 3 7 6 6 Grunt 51 | . 10 7 . 2 14 17 1 Brawler 5 | . . . . 1 1 1 2 Duelist 3 | . . . . . 1 2 . Sentry 11 | . . . . . 6 4 1 Specialist 1 | . . . . . . . 1 Hunter 6 | . . . . . . 2 4 Programmer 7 | . . . . . . 1 6 Butcher 1 | . . . . . . 1 . Best Kill Streak 11 | . 3 2 . 3 11 7 10 Combat Bots Only 10 | . 3 2 . 3 10 7 7 Max Kills in Single Turn 4 | . 1 1 . 1 2 4 3 Gunslinging . | . . . . . . . . Exploded 4 | . . . . 1 2 4 2 Melee 1 | . . . . . . . 1 Uniques/NPCs Destroyed 1 | . . 1 . . . . . YI-UF0 (-10/Mines) Combat | -11 -10 -10 -10 -9 -8 -8 -7 -------- Run | Jun Mat Min Exi Min Mat Gar Fac Damage Taken 7615 | . 350 361 . 108 1823 2346 2627 Core 787 | . 84 70 . 24 183 197 229 Absorbed by Shields 32 | . . . . . . 32 . Regen/Repaired (Parts) 786 | . . . . . 121 . 665 Core Remaining (%) 52 | 100 . . . 28 . 30 . Volleys Fired 288 | . 42 35 . 15 75 86 35 Largest 2 | . 2 2 . 2 2 2 1 Hottest 143 | . 136 136 . 136 143 138 75 Shots Fired 473 | . 81 69 1 24 142 121 35 Gun 13 | . 2 . . . . 11 . Cannon 408 | . 79 69 1 18 138 97 6 Launcher 38 | . . . . 6 4 13 15 Special 14 | . . . . . . . 14 Kinetic 11 | . . . . . . 11 . Thermal 372 | . 79 69 1 18 137 62 6 Explosive 38 | . . . . 6 4 13 15 Electromagnetic 38 | . 2 . . . 1 35 . Robot Hit Streak 27 | . 9 13 . 5 15 27 9 Robot Miss Streak 7 | . 4 7 . 3 2 2 2 Penetration Max . | . . . . . . . . Secondary Targets . | . . . . . . . . Shots Hit Robots 340 | . 42 43 . 12 107 82 54 Core Hits 211 | . 23 18 . 10 55 51 54 Critical Kills 2 | . . 1 . 1 . . . Critical Parts Destroyed 1 | . . . . . . 1 . Critical Strikes 7 | . . 1 . 1 . 1 4 Meltdown 2 | . . 1 . 1 . . . Smash 1 | . . . . . . 1 . Sever 4 | . . . . . . . 4 Melee Attacks 58 | . . . . . 4 17 37 Impact 21 | . . . . . 4 17 . Slashing 37 | . . . . . . . 37 Piercing . | . . . . . . . . Sneak Attacks 4 | . . . . . . . 4 Combat Hostiles . | . . . . . . . . Follow-up Attacks 3 | . . . . . . . 3 Damage Inflicted 11827 | . 959 1002 . 518 2765 3125 3458 Guns 24 | . 24 . . . . . . Cannons 6588 | . 930 955 . 274 2447 1857 125 Explosions 3761 | . . . . 211 264 1181 2105 Melee 1315 | . . . . . . 87 1228 Ramming 139 | . 5 47 . 33 54 . . Kinetic . | . . . . . . . . Thermal 5950 | . 930 955 . 274 2419 1247 125 Explosive 3708 | . . . . 211 264 1128 2105 Electromagnetic 715 | . 24 . . . 28 663 . Impact 87 | . . . . . . 87 . Slashing 1228 | . . . . . . . 1228 Piercing . | . . . . . . . . Highest Corruption 9 | . 2 2 2 2 . 4 9 Average Corruption 2 | . 2 2 2 2 . 3 4 Corruption Purged . | . . . . . . . . Corruption Blocked . | . . . . . . . . Effects 113 | . 23 28 12 18 . 30 2 Message Errors 26 | . 4 12 3 1 . 6 . Matter Fused 30 | . 6 7 4 5 . 7 1 Heat Flow Errors 15 | . 2 2 1 5 . 4 1 Energy Discharges 11 | . 1 3 . 1 . 6 . Parts Rejected 1 | . 1 . . . . . . Parts Fused 2 | . 1 . . . . 1 . Data Loss (minor) 16 | . 5 1 3 3 . 4 . Data Loss (major) 6 | . 1 2 . 2 . 1 . Misfires 4 | . 1 1 1 . . 1 . Alerts 2 | . 1 . . 1 . . . Overload Shots . | . . . . . . . . Overflow Damage 332 | . 15 12 . 30 21 118 136 Projectiles 64 | . 15 12 . . 14 23 . Explosions 184 | . . . . 30 7 32 115 Melee 84 | . . . . . . 63 21 Knockbacks 2 | . . . . . . 2 . Impact 1 | . . . . . . 1 . Kinetic . | . . . . . . . . Secondary 1 | . . . . . . 1 . Self-Inflicted Damage 491 | . . . . . 70 286 135 Shots 16 | . . . . . 2 8 6 Rammed 4 | . 2 . . . 2 . . Targets Rammed 26 | . 2 13 . 8 3 . . Kicked 22 | . . 13 . 8 1 . . Crushed . | . . . . . . . . Highest Temperature 519 | . 234 519 200 255 195 213 265 Average Temperature 79 | . 65 115 88 71 48 88 82 Received Heat Transfer 2312 | . 120 213 . 12 873 704 390 Effects 1 | . . 1 . . . . . Damage (minor) 1 | . . 1 . . . . . Siege Activations . | . . . . . . . . Robots Corrupted 1 | . . . . . . 1 . Combat Hostiles 1 | . . . . . . 1 . Parts Fried 5 | . . . . . . 5 . Impact Corruptions 2 | . . . . . . 2 . Robots Melted 3 | . . 1 . 1 1 . . Combat Hostiles 3 | . . 1 . 1 1 . . Parts Melted 23 | . . 6 . . 14 3 . Heat Transferred 9707 | . 1628 1665 . 481 3885 1863 185 Parts Sabotaged . | . . . . . . . . Parts Stolen . | . . . . . . . . Parts Stripped . | . . . . . . . . Power Chain Reactions 1 | . . . . . . 1 . Missiles Intercepted . | . . . . . . . . Alert | -11 -10 -10 -10 -9 -8 -8 -7 ------- Run | Jun Mat Min Exi Min Mat Gar Fac Peak Influence 2756 | . 262 134 . 168 475 2756 1571 Initial 1446 | . . 69 . . 21 301 1446 Average 653 | . 74 41 . 59 208 1381 1415 Maximum Alert Level 5 | . 1 . . . 2 5 4 Low Security (%) 48 | 100 98 100 . 100 51 . . Level 1 6 | . 1 . . . 29 4 . Level 2 11 | . . . . . 18 26 . Level 3 4 | . . . . . . 15 . Level 4 14 | . . . . . . 11 100 Level 5 13 | . . . . . . 42 . High Security . | . . . . . . . . Max Security . | . . . . . . . . Squads Dispatched 11 | . 3 2 . 1 1 . 4 Investigation 5 | . 2 2 . 1 . . . Extermination 2 | . . . . . . . 2 Reinforcement 2 | . 1 . . . 1 . . Assault 2 | . . . . . . . 2 Garrison . | . . . . . . . . Intercept . | . . . . . . . . Searches Triggered . | . . . . . . . . Construction Impeded . | . . . . . . . . Haulers Reinforced . | . . . . . . . . Active Scanning Responses . | . . . . . . . . Cargo Convoy Interrupts 1 | . . . . . . . 1 Stealth | -11 -10 -10 -10 -9 -8 -8 -7 --------- Run | Jun Mat Min Exi Min Mat Gar Fac Distress Signals 1 | . . . . . 1 . . Communications Jammed . | . . . . . . . . Distress Signals . | . . . . . . . . Times Spotted 154 | . 23 8 . 5 41 42 35 Peak Tracking Total 9 | . 4 2 . 3 8 6 9 Tactical Retreats 11 | . 2 1 . . 2 5 1 Traps | -11 -10 -10 -10 -9 -8 -8 -7 ------- Run | Jun Mat Min Exi Min Mat Gar Fac Traps Triggered 12 | . 3 . . . . 9 . Indirectly . | . . . . . . . . Trap Hack Attempts . | . . . . . . . . Triggered . | . . . . . . . . Disarmed . | . . . . . . . . Reprogrammed . | . . . . . . . . Reused 2 | . . . . . . 2 . Traps Extracted . | . . . . . . . . Installed 5 | . . . . . . 5 . Triggered 3 | . . 1 . . . 2 . Most Traps Carried 5 | . . . . 5 5 5 . Machines | -11 -10 -10 -10 -9 -8 -8 -7 ---------- Run | Jun Mat Min Exi Min Mat Gar Fac Machines Disabled 18 | . 1 2 . 6 4 3 2 Max in Single Turn 4 | . 1 1 . 4 1 2 1 Phase Generator 1 | . . . . . . 1 . Machines Repaired . | . . . . . . . . Machines Sabotaged . | . . . . . . . . Overloaded Fab Kills . | . . . . . . . . Hacking | -11 -10 -10 -10 -9 -8 -8 -7 --------- Run | Jun Mat Min Exi Min Mat Gar Fac Machines Accessed 29 | . 10 2 2 1 8 3 3 Terminals 19 | . 7 2 . 1 5 3 1 Fabricators 1 | . . . . . . . 1 Repair Stations 3 | . 1 . . . 1 . 1 Recycling Units 2 | . 2 . . . . . . Scanalyzers 1 | . . . . . 1 . . Garrison Access 1 | . . . . . 1 . . Total Hacks 95 | . 33 3 2 4 33 6 14 Successful 59 | . 20 2 2 3 23 . 9 Failed 34 | . 12 1 . 1 9 6 5 Catastrophic 5 | . 1 . . . 1 2 1 Database Lockouts 2 | . 1 . . . 1 . . Manual 39 | . 18 2 . 3 12 . 4 Terminals 62 | . 29 3 . 4 18 6 2 Fabricators 2 | . . . . . . . 2 Repair Stations 18 | . 2 . . . 6 . 10 Recycling Units 2 | . 2 . . . . . . Scanalyzers 8 | . . . . . 8 . . Garrison Access 1 | . . . . . 1 . . Terminal Hacks 24 | . 13 . 2 2 7 . . Record 5 | . 2 . 2 1 . . . Part Schematic 1 | . . . . . 1 . . Robot Analysis 4 | . 2 . . 1 1 . . Prototype ID Bank 3 | . 2 . . . 1 . . Branch Access Points 2 | . 1 . . . 1 . . Alert Level 1 | . 1 . . . . . . Locate Traps 2 | . 1 . . . 1 . . Dispatch Records 1 | . 1 . . . . . . Maintenance Status 2 | . 1 . . . 1 . . Hauler Manifests 2 | . 1 . . . 1 . . Registered Prototypes 1 | . 1 . . . . . . Fabricator Hacks . | . . . . . . . . Repair Station Hacks 13 | . 1 . . . 4 . 8 Scan Component 7 | . 1 . . . 2 . 4 Repair 6 | . . . . . 2 . 4 Recycling Unit Hacks . | . . . . . . . . Scanalyzer 8 | . . . . . 8 . . Insert Component 3 | . . . . . 3 . . Analyze 5 | . . . . . 5 . . Garrison Access Hacks 1 | . . . . . 1 . . Unlock Access 1 | . . . . . 1 . . Unauthorized Hacks 13 | . 6 2 . 1 3 . 1 Terminals 11 | . 4 2 . 1 3 . 1 Assimilate 1 | . 1 . . . . . . Botnet 4 | . 2 . . . 2 . . Operators 3 | . 1 . . . 1 . 1 Search 3 | . . 2 . 1 . . . Fabricators . | . . . . . . . . Repair Stations . | . . . . . . . . Recycling Units 2 | . 2 . . . . . . Tunnel 2 | . 2 . . . . . . Scanalyzers . | . . . . . . . . Garrison Access . | . . . . . . . . Data Cores Recovered 2 | . 1 . . . 1 . . Used 1 | . 1 . . . . . . Hacking Detections 22 | . 6 1 . 1 8 3 3 Full Trace Events 2 | . . . . . . 2 . Feedback Events . | . . . . . . . . Feedback Blocked . | . . . . . . . . Robot Schematics Acquired . | . . . . . . . . Robots Built . | . . . . . . . . Authchips . | . . . . . . . . Time . | . . . . . . . . Total Robot Build Rating . | . . . . . . . . Part Schematics Acquired 4 | . . . . . 4 . . Parts Built . | . . . . . . . . Authchips . | . . . . . . . . Time . | . . . . . . . . Total Part Build Rating . | . . . . . . . . Parts Repaired 6 | . . . . . 2 . 4 Time 199 | . . . . . 77 . 122 Parts Recycled . | . . . . . . . . Recycled Matter . | . . . . . . . . Retrieved Matter . | . . . . . . . . Retrieved Components . | . . . . . . . . Parts Scanalyzed 3 | . . . . . 3 . . Part Schematics Acquired 3 | . . . . . 3 . . Parts Damaged . | . . . . . . . . Bothacking | -11 -10 -10 -10 -9 -8 -8 -7 ------------ Run | Jun Mat Min Exi Min Mat Gar Fac Used RIF Installer 1 | . . . . . . 1 . Robots Hacked 8 | . . . . . . . 8 Non-combat 4 | . . . . . . . 4 Combat 4 | . . . . . . . 4 Robot Hacks Applied 9 | . . . . . . . 9 no_distress 1 | . . . . . . . 1 ignore_parts 1 | . . . . . . . 1 block_reporting 1 | . . . . . . . 1 disrupt_area 1 | . . . . . . . 1 overwrite_iff 2 | . . . . . . . 2 formatsys_low 1 | . . . . . . . 1 formatsys_high 2 | . . . . . . . 2 Relay Couplers Released 4 | . . . . . . . 4 Programmers 4 | . . . . . . . 4 Attached 3 | . . . . . . . 3 Fabnet Peak Effective % . | . . . . . . . . Robots Rewired 3 | . . . . . . 3 . Allies Hacked . | . . . . . . . . Hacks Repelled . | . . . . . . . . Allies | -11 -10 -10 -10 -9 -8 -8 -7 -------- Run | Jun Mat Min Exi Min Mat Gar Fac Total Allies 9 | . 1 . . . . 3 5 Largest Group 3 | . 1 1 . . . 3 3 Highest-Rated Group 89 | . 10 10 . . . 89 45 Highest-Rated Ally 39 | . 10 10 . . . 39 21 Total Orders 13 | . 6 . . . . 2 5 STAY 6 | . 3 . . . . 1 2 FOLLOW 6 | . 3 . . . . 1 2 AID 1 | . . . . . . . 1 Ally Attacks 13 | . . . . . . 7 6 Total Damage 327 | . . . . . . 194 133 Kills 5 | . . . . . . 5 . Allies Corrupted 2 | . . . . . . 1 1 Allies Melted . | . . . . . . . . Intel | -11 -10 -10 -10 -9 -8 -8 -7 ------- Run | Jun Mat Min Exi Min Mat Gar Fac Robot Analysis Total 4 | . 2 . . 1 1 . . Derelict Logs Recovered 4 | . . 1 . 3 . . . Drone Launches . | . . . . . . . . Drone Recoveries . | . . . . . . . . Exploration | -11 -10 -10 -10 -9 -8 -8 -7 ------------- Run | Jun Mat Min Exi Min Mat Gar Fac Turns Passed 13178 | 20 1655 1746 1069 1364 2157 3891 1276 Spaces Moved 4498 | 9 541 680 412 498 641 1327 390 Core 2 | 2 . . . . . . . Treads 2374 | 7 541 46 . . 400 990 390 Legs 1808 | . . 441 412 498 120 337 . Wheels 314 | . . 193 . . 121 . . Hover . | . . . . . . . . Flight . | . . . . . . . . Fastest Speed 155 | 160 160 155 260 260 215 240 240 Average Speed 250 | 180 263 234 260 260 239 256 240 Slowest Speed 560 | 250 320 320 260 260 330 560 240 Overloaded Moves . | . . . . . . . . Propulsion Burnouts . | . . . . . . . . Robots Hopped . | . . . . . . . . Cave-ins Triggered . | . . . . . . . . Exploration Rate (%) 67 | 3 98 93 85 94 59 96 11 Regions Visited 7 Branch Regions 3 Pre-discovered Areas 4 | . 2 . . 2 . . . Known Exits Taken 2 | . 1 . . . 1 . . Unknown Exits Taken 4 | 1 . 1 1 1 . . . Scrap Searched 4 | . . 2 . 2 . . . Spaces Dug 21 | . . . . 5 9 6 1 Terrain Destroyed 256 | . . . . 8 30 140 78 Melee 5 | . . . . . 3 1 1 Projectile 14 | . . . . . 10 4 . AOE 237 | . . . . 8 17 135 77 Terrain Rammed . | . . . . . . . . Walls Destroyed . | . . . . . . . . Machines Disabled . | . . . . . . . . Actions | -11 -10 -10 -10 -9 -8 -8 -7 --------- Run | Jun Mat Min Exi Min Mat Gar Fac Total 5800 | 15 686 746 411 533 1106 1670 633 Wait 626 | . 83 11 . . 302 89 141 Move 4492 | 8 540 679 411 497 641 1326 390 Hop . | . . . . . . . . Pick Up 69 | 1 3 2 . 9 22 28 4 Fast Attach 38 | . 6 . . . 16 6 10 Attach 49 | 2 1 5 . 2 14 22 3 Detach 12 | 2 2 1 . 1 3 2 1 Swap 27 | . 1 . . . 9 7 10 Drop 44 | 2 6 . . 1 17 12 6 Fire 288 | . 42 35 . 15 75 86 35 Melee 54 | . . . . . 4 17 33 Ram . | . . . . . . . . Kick 22 | . . 13 . 8 1 . . Crush 4 | . 2 . . . 2 . . Escape Stasis 21 | . . . . . . 21 . Rewire 49 | . . . . . . 49 . Trap 5 | . . . . . . 5 . Miscellaneous . | . . . . . . . . Route ------- -11/Junkyard -10/Materials (discovered 5 exits: [*Mat x3] / *Min x2) -10/Mines (discovered 3 exits: [*Mat x2] / *Exi) -10/Exiles -9/Mines (discovered 2 exits: *Mat x2) -8/Materials (discovered 2 exits: *Fac / Gar) -8/Garrison (discovered 3 exits: *Fac x3) -7/Factory (discovered 2 exits: [*Fac x2]) History --------- Turn | Location | Event 3 | -11/Junkyard | Discovered new exit (range 3) 21 | -11/Junkyard | Entered Materials 204 | -10/Materials | Central database locked down 231 | -10/Materials | Discovered new exit (range 12) 236 | -10/Materials | Identified exit to Mines 317 | -10/Materials | Build established: Mutant 897 | -10/Materials | Discovered new exit (range 10) 1145 | -10/Materials | Discovered new exit (range 16) 1676 | -10/Materials | Entered Mines 1676 | -10/Mines | Accompanied by 1 ally 1974 | -10/Mines | Learned Materials non-interactive machine intel 2151 | -10/Mines | Discovered new exit (range 7) 2187 | -10/Mines | Core integrity fell below 50% 2387 | -10/Mines | Discovered new exit (range 4) 2646 | -10/Mines | Deemed a non-threat by the Exiles lab entrance 3041 | -10/Mines | YI-UF0 nonchalantly dropped a Grenade Launcher on the ground 3080 | -10/Mines | Destroyed YI-UF0 3409 | -10/Mines | Discovered new exit (range 5) 3422 | -10/Mines | Entered Exiles 3422 | -10/Exiles | Found Exiles lab abandoned 4470 | -10/Exiles | Discovered new exit (range 10) 4491 | -10/Exiles | Entered Mines 4663 | -9/Mines | Found a hidden stash of uninstalled traps 4907 | -9/Mines | Received a Rocket Launcher from a helpful Derelict 5001 | -9/Mines | Learned location of Storage (-9) 5003 | -9/Mines | Discovered new exit (range 6) 5123 | -9/Mines | Discovered new exit (range 11) 5246 | -9/Mines | Learned Materials machine intel 5296 | -9/Mines | Learned Materials terminal intel 5855 | -9/Mines | Entered Materials 5855 | -8/Materials | Evolved 4 slots: Propulsion x2, Utility x2 5856 | -8/Materials | Loaded intel: 52 machine locations 5857 | -8/Materials | Loaded intel: 33 non-interactive machine locations 5858 | -8/Materials | Loaded intel: 12 terminal locations 5919 | -8/Materials | Repaired Adv. Beam Cannon 5947 | -8/Materials | Repaired Lgt. Treads 6727 | -8/Materials | Destroyed 10 combat bots 6755 | -8/Materials | Discovered new exit (range 14) 6859 | -8/Materials | Central database locked down 6952 | -8/Materials | Build established: Scavenger-Mutant 7644 | -8/Materials | Lost 6 parts (4n1u1w) 8012 | -8/Materials | Identified exit to Garrison 8012 | -8/Materials | Entered Garrison 8138 | -8/Garrison | Triggered checkpoint 8412 | -8/Garrison | Lost 6 parts (3n3u) 8426 | -8/Garrison | Triggered checkpoint 8750 | -8/Garrison | Discovered new exit (range 14) 9132 | -8/Garrison | Triggered checkpoint 9314 | -8/Garrison | Discovered new exit (range 12) 9406 | -8/Garrison | Triggered checkpoint 9556 | -8/Garrison | Triggered checkpoint 9662 | -8/Garrison | Core integrity fell below 50% 9705 | -8/Garrison | Destroyed 7 combat bots 9796 | -8/Garrison | Discovered new exit (range 8) 9864 | -8/Garrison | Triggered checkpoint 9928 | -8/Garrison | Triggered checkpoint 10006 | -8/Garrison | Triggered checkpoint 10489 | -8/Garrison | Installed Relay Interface Framework 10530 | -8/Garrison | Phase Generator disabled 11228 | -8/Garrison | P-60 Hacker assimilated allied XB-4P1(l) 11290 | -8/Garrison | Lost 4 parts (3n1u) 11634 | -8/Garrison | Build established: Bothacker-Mutant 11903 | -8/Garrison | Entered Factory 11903 | -7/Factory | Evolved 2 slots: Propulsion x1, Utility x1 11904 | -7/Factory | Discovered new exit (range 15) 12025 | -7/Factory | Discovered new exit (range 4) 12520 | -7/Factory | Repaired Lgt. Treads 12546 | -7/Factory | Repaired Lgt. Treads 12572 | -7/Factory | Repaired Lgt. Treads 12616 | -7/Factory | Repaired Hrd. Heavy Armor Plating 12703 | -7/Factory | First assault squad dispatched 13004 | -7/Factory | Cargo convoy interrupted 13005 | -7/Factory | P-60 Hacker assimilated allied Machinist 4a 13043 | -7/Factory | Destroyed 7 combat bots 13179 | -7/Factory | Self-destructed Last Messages --------------- 13157_ U-05 Engineer builds a Door. 13158_ K-01 Serf collects debris. 13158_ K-01 Serf suffers critical hit (Burn). 13158_ K-01 Serf destroyed. 13159_ U-05 Engineer builds a Wall. 13160_ U-05 Engineer lays Concrete. 13163_ U-05 Engineer builds a Wall. 13163_ U-05 Engineer lays Concrete. 13169_ Lgt. Treads destroyed. 13169_ System corrupted by crushing effect (+2). 13169_ U-05 Engineer lays Concrete. 13171_ U-05 Engineer destroyed. 13171_ U-05 Engineer lays Concrete. 13174_ Lgt. Treads destroyed. 13174_ System corrupted by crushing effect (+1). 13174_ U-05 Engineer lays Concrete. 13176_ B-48 Gladiator Lgt. Treads severed. 13176_ Great Axe follow-up attack on B-48 Gladiator. 13176_ B-48 Gladiator destroyed. 13177_ U-05 Engineer lays Concrete. Map ----- +----------------------------------------------------+ | ?????????????????????????????????????????????????? | | ?????????????????????????????????????????????????? | | ?????????????????????????????????????????????????? | | ?????????????????? ????????????????????????????? | | ???????????????? ????????????????????????????? | | ???????????????# ????????????????????????????? | | ???????????+#### ????????????????????????????? | | ???????????? #???????????????????????????? | | ????????????? T???????????????????????????? | | ????????????? ???????????????????????????? | | ?????????????? #???????????????????????????? | | ??????????????? #???????????????????????????? | | ???????????????# #???????????????????????????? | | ???????????????# #???????##??????????????????? | | ???????????????# #????### ######?????????????? | | "??????????????# #???? #?????????????? | | "??????????????# ##### ;;;;##????????????? | | ??????######?# # ; #????????????? | | ???#? #?# !%# u ;##????????????? | | """ ??# #?# !# ; #????????????? | | ?"" ### #?# =^|!# u #????????????? | | ??? + / #?# ^^!%# u #?????????????? | | ????# # #?# *!!=# |[ #?????????????? | | ##### # ### ![!gg [ ##????????????? | | # ## # *%*#g!%! ; #????????????? | | # # # [=#!==@ ;#?????????????? | | # ##% # # % !#*=% ; #????????????? | | ## # ;##????????????? | | %% # ;#?????????????? | | #######;;;;;###?????????????? | | " #??????######???????????????? | | "" #???????????????????????????? | | " #???????????????????????????? | | """" % ###???????????????????????????? | | "" """" ??????????????????????????????? | | "F """" ! ??????????????????????????????? | | "" """" ??????????????????????????????? | | "" + ???????????????????????????????? | | # ????????????????????????????????? | | # ????????????????????????????????? | | ##########+#### ????????????????????????????????? | | ????????? ???? ????????????????????????????????? | | ??????????????? ????????????????????????????????? | | ???????????????##????????????????????????????????? | | ?????????????????????????????????????????????????? | | ?????????????????????????????????????????????????? | | ###??????????????????????????????????????????????? | | #??????????????????????????????????????????????? | | #??????????????????????????????????????????????? | | #??????????????????????????????????????????????? | +----------------------------------------------------+ Best States ------------- Heat Dissipation 53 Coolant Potential 50 Energy Generation 17 Energy Capacity 300 Matter Stores 300 Matter Capacity 300 Sight Range 16 Terrain Scan Density 10 Armor Coverage 750 Evasion (%) 40 Targeting Accuracy 8 Recoil Reduction 4 Particle Charging 15 Relay Coupler Types 2 Relay Coupler Value 40 Item Schematics ----------------- Cargo Storage Unit | -8/Materials | Hacked Huge Storage Unit | -8/Materials | Scanalyzed Lgt. Treads | -8/Materials | Scanalyzed Disposable Heat Sink | -8/Materials | Scanalyzed Robot Schematics ------------------ None Fabricated ------------ Nothing Alien Tech Used ----------------- None Achievements -------------- None Challenges ------------ None Game ------ Seed RocketGodUnit Manual? 0 Play Time 00:46:42 Cumulative 295.0 hours Start 2023.04.10 @ 18:22:19 End 2023.04.11 @ 21:28:37 Sessions 7 Manual Loads 0 Difficulty Rogue Special Mode None Game No. 438 Rogue 415 Adventurer 4 Explorer 19 Win Type - Total 12 Types 10/0/0/2/0/0/0/0/0 Lore% 71 Gallery% 90 Achievement% 74 Wizard Run 0 Options --------- ASCII 0 Keyboard 1 Movement Numpad Keybinds 0 Fullscreen 2 Font 18/SmallcapsGlow Map View 76x50 Tactical HUD 1 Map Filters NONE Filters NONE Steam 1 RUN: 1150ca39-5c2d-4b6b-bc51-e760b0e80a0c